 Dungeon Crawl Stone Soup version 0.23.1-37-gaa34b87b72 (webtiles) character file.

Game seed: 5220510929329824287

536 Toogi the Ducker (level 7, -6/32 HPs)
             Began as a Felid Transmuter on Mar 22, 2019.
             Killed from afar by an orc wizard (9 damage)
             ... with a puff of flame
             ... on level 5 of the Dungeon.
             The game lasted 00:10:28 (7260 turns).

Toogi the Ducker (Felid Transmuter)                 Turns: 7260, Time: 00:10:29

Health: -6/32      AC:  2    Str:  6    XL:     7   Next: 4%
Magic:  9/11       EV: 26    Int: 17    God:
Gold:   207        SH:  0    Dex: 21    Spells: 4/10 levels left
                                        Lives:  0   Deaths: 2

rFire    . . .     SeeInvis +     - Unarmed
rCold    . . .     Gourm    .   (shield unavailable)
rNeg     . . .     Faith    .   (armour unavailable)
rPois    x         Spirit   .   (helmet unavailable)
rElec    .         Reflect  .   (cloak unavailable)
rCorr    .         Harm     .   (gloves unavailable)
MR       +....                  (boots unavailable)
Stlth    ++++......             (no amulet)
HPRegen  0.10/turn              l - ring of stealth
MPRegen  0.12/turn              (no ring)

@: spider-form
A: tiny, no armour, no weapons or thrown items, stealth, see invisible,
carnivore, slow metabolism 1
a: End Transformation


You were on level 5 of the Dungeon.
You were completely stuffed.
You were a venomous arachnid creature.
You visited 1 branch of the dungeon, and saw 5 of its levels.

You collected 207 gold pieces.

Inventory:

Missiles
 a - 32 arrows
Jewellery
 l - a ring of stealth (left front leg)
Scrolls
 e - a scroll of remove curse {unknown}
 f - 2 scrolls of magic mapping {unknown}
 i - 2 scrolls of enchant weapon {unknown}
 j - a scroll of amnesia
 m - a scroll of fog
Potions
 b - a potion of degeneration
 d - a potion of agility
 g - a potion of flight
 h - a potion of mutation {unknown}
 k - a potion of curing {unknown}
Comestibles
 c - 5 rations


   Skills:
 + Level 4.1 Fighting
 + Level 6.0 Dodging
 + Level 3.7 Stealth
 + Level 5.1 Unarmed Combat
 - Level 2.0 Spellcasting
 + Level 5.0 Transmutations
 - Level 2.0 Poison Magic


You had 4 spell levels left.
You knew the following spells:

 Your Spells              Type           Power        Failure   Level  Hunger
a - Beastly Appendage     Tmut           ###...       10%         1    #......
b - Sticks to Snakes      Tmut           ###.....     12%         2    ###....
c - Spider Form           Tmut/Pois      ##........   32%         3    ###....

Your spell library contained the following spells:

 Spells                   Type           Power        Failure   Level  Hunger
 Ice Form                 Ice/Tmut       ##......     77%         4    #####..
 Blade Hands              Tmut           ###.......   77%         5    ######.


Dungeon Overview and Level Annotations

Branches:
Dungeon (5/15)
 Temple: D:4-7

Altars:
Ashenzari
Okawaru


Innate Abilities, Weirdness & Mutations

You cannot wear armour.
You are incapable of wielding weapons or throwing items.
Your paws allow you to move quietly. (Stealth)
((You have sharp claws.))
((You have razor-sharp teeth.))
You have supernaturally acute eyesight. (SInv)
You are carnivorous and can eat meat at any time.
((You cover ground quickly.))
((You are covered in thick fur. (AC +2)))
You have a slow metabolism.
((Your sharp claws are effective at attacking unaware monsters.))


Message History

The orc wizard is severely wounded.
The crimson imp blinks!
The orc completely misses you.
The leopard gecko completely misses you.
The jackal misses you.
A quokka zombie comes into view.
You hit the orc wizard but do no damage.
The orc wizard looks as sick as possible!
The orc wizard is severely wounded.
The jackal bites you but does no damage.
The orc wizard closely misses you. The orc misses you.
The leopard gecko bites you.
* * * LOW HITPOINT WARNING * * *
The orc completely misses you.
You barely miss the orc wizard.
The orc wizard is almost dead.
The jackal bites you.
* * * LOW HITPOINT WARNING * * *
The orc wizard casts a spell at you. The puff of flame hits you!
You die...

..... .###
#....##...##
#...........
####.#.......
#..$.......###Z.
###.......h.....
#.......5olo.#
#######......>..so.#
...............§.h.#
.......†...)..######
.<............#####.
(....................
...............#####.
..............##
.......?......#
..............#


You could see an orc wizard (invisible), a crimson imp, 2 orcs, a quokka zombie,
a leopard gecko and 2 jackals.

Vanquished Creatures
  Grinder (D:3)
  Sigmund (D:2)
  An ogre (D:4)
  A scorpion (D:4)
  A howler monkey (D:3)
  2 crimson imps
  An orc priest (D:4)
  An orc wizard (D:4)
  A centaur skeleton (D:3)
  Ijyb (D:3)
  Terence (D:3)
  A worker ant (D:4)
  Robin (D:2)
  3 gnolls (D:2)
  5 adders
  2 oozes (D:3)
  2 worms
  2 dart slugs (D:1)
  4 leopard geckos
  13 orcs
  A ball python (D:1)
  7 bats
  A giant cockroach (D:3)
  18 goblins
  10 hobgoblins
  A quokka (D:4)
  8 frilled lizards
  10 kobolds
  9 rats
110 creatures vanquished.

Vanquished Creatures (collateral kills)
  A scorpion (D:4)
1 creature vanquished.

Grand Total: 111 creatures vanquished

Notes
Turn   | Place    | Note
-------+----------+-------------------------------------------
     0 | D:1      | Toogi the Felid Transmuter began the quest for the Orb.
     0 | D:1      | Reached XP level 1. HP: 9/9 MP: 4/4
   315 | D:1      | Reached skill level 3 in Dodging
   316 | D:1      | Reached XP level 2. HP: 12/12 MP: 4/6
   606 | D:1      | Learned a level 2 spell: Sticks to Snakes
  1258 | D:1      | Reached XP level 3. HP: 16/16 MP: 5/7
  1526 | D:1      | Learned a level 3 spell: Spider Form
  1670 | D:2      | You fall through a shaft for 2 floors!
  1928 | D:4      | Reached XP level 4. HP: 17/19 MP: 8/8
  2711 | D:2      | Noticed Sigmund
  2719 | D:2      | Noticed Robin
  2838 | D:3      | Reached skill level 1 in Poison Magic
  3122 | D:3      | Reached skill level 4 in Dodging
  3122 | D:3      | Reached XP level 5. HP: 10/23 MP: 7/9
  3900 | D:2      | Killed Robin
  4253 | D:2      | Killed Sigmund
  4253 | D:2      | Gained mutation: You are covered in thick fur. (AC +2)
                  | [Felid growth]
  4253 | D:2      | Reached XP level 6. HP: 6/28 MP: 3/10
  4275 | D:2      | HP: 1/28 [poisoned by miscasting Spider Form (residual
                  | poison)]
  5135 | D:3      | Noticed Ijyb
  5148 | D:3      | Killed from afar by Ijyb
  5149 | D:3      | Reached XP level 5. HP: -8/24 MP: 8/9
  5149 | D:3      | Killed Ijyb
  5149 | D:3      | Reached skill level 1 in Stealth
  5321 | D:3      | Noticed Grinder
  5538 | D:3      | Noticed Terence
  5550 | D:3      | Killed Terence
  5550 | D:3      | Reached skill level 5 in Dodging
  5550 | D:3      | Reached XP level 6. HP: 19/28 MP: 4/10
  5905 | D:3      | Paralysed by Grinder for 6 turns
  5922 | D:3      | Killed Grinder
  6243 | D:4      | Found a shattered altar of Ashenzari.
  6247 | D:4      | Saw a vision of the Swamp and the Spider Nest.
  6247 | D:4      | Noticed a redback
  6247 | D:4      | Noticed a redback
  6247 | D:4      | Noticed a redback
  6247 | D:4      | Noticed a water moccasin
  6319 | D:4      | Found an iron altar of Okawaru.
  6331 | D:4      | Reached XP level 7. HP: 16/31 MP: 8/11
  6349 | D:4      | HP: 1/31 [poisoned by a scorpion]
  6354 | D:4      | Succumbed to a scorpion's poison
  6355 | D:4      | Reached XP level 6. HP: 0/28 MP: 7/10
  6689 | D:4      | Reached skill level 5 in Unarmed Combat
  7231 | D:5      | Entered Level 5 of the Dungeon
  7242 | D:5      | Reached skill level 6 in Dodging
  7242 | D:5      | Reached skill level 5 in Transmutations
  7242 | D:5      | Reached XP level 7. HP: 32/32 MP: 11/11
  7260 | D:5      | Killed from afar by an orc wizard

Skill      XL: |  1  2  3  4  5  6 |
---------------+-------------------+-----
Dodging        | 3 4 5 6 |  6.0
Fighting       | 2 3 4 |  4.1
Transmutations | 3 5 |  5.0
Poison Magic   | 1 2 |  2.0
Unarmed Combat | 4 5 |  5.1
Stealth        | 1 3 |  3.7
Spellcasting   | |  2.0

Action                   |  1- 3 |  4- 6 |  7- 9 || total
-------------------------+-------+-------+-------++-------
Melee: Unarmed           |    98 |   221 |     9 ||   328
       Headbutt          |     9 |    13 |       ||    22
       Bite              |     5 |    12 |       ||    17
       Punch             |     1 |     2 |       ||     3
 Cast: Beastly Appendage |    24 |    15 |       ||    39
       Spider Form       |       |    24 |     2 ||    26
       Sticks to Snakes  |       |     2 |       ||     2
 Abil: End Transformatio |       |       |     1 ||     1
  Use: Scroll            |     1 |     5 |       ||     6
       Potion            |       |     1 |       ||     1
 Stab: Sleeping          |       |     9 |     1 ||    10
  Eat: Chunk             |    10 |    25 |       ||    35
Armor: Skin              |    12 |     6 |     2 ||    20
Dodge: Dodged            |    91 |   170 |    30 ||   291
